MWL (24 & UNDER)
BEMIDJI BENDERS @ MANHATTEN MEATHEADS
08/16/2023
 
TOP OF THE 1ST
Bemidji Benders batting - Pitching for Manhatten Meatheads : RHP Rafael Ramírez
Pitching: RHP Rafael Ramírez
Batting: RHB António López 0-0: Ball
1-0: Bunt missed!
1-1: TRIPLE (Flyball, 8LXD)
Batting: RHB Gabriel Stout 0-0: Ground out 5-3 (Groundball, 56S)
António López scores
Batting: SHB Edgardo Osorio 0-0: Swinging Strike
0-1: Ball
1-1: Called Strike
1-2: Ball
2-2: Ball
3-2: Strikes out swinging
Batting: RHB Alfredo López 0-0: Called Strike
0-1: Ball
1-1: Fly out, F7 (Line Drive, 78D)
Top of the 1st over - 1 run(s), 1 hit(s), 0 error(s), 0 left on base; Bemidji 1 - Manhatten 0
BOTTOM OF THE 1ST
Manhatten Meatheads batting - Pitching for Bemidji Benders : RHP Don Wiggins
Pitching: RHP Don Wiggins
Batting: RHB Stanley Robbins 0-0: Foul Ball, location: 2F
0-1: Ball
1-1: Swinging Strike
1-2: Strikes out swinging
Batting: RHB Ben Morton 0-0: Called Strike
0-1: Called Strike
0-2: Ball
1-2: Ball
2-2: Foul Ball, location: 2F
2-2: Strikes out swinging
Batting: LHB Pat Zimmerman 0-0: Ground out 3-1 (Groundball, 3)
Bottom of the 1st over - 0 run(s), 0 hit(s), 0 error(s), 0 left on base; Bemidji 1 - Manhatten 0
TOP OF THE 2ND
Bemidji Benders batting - Pitching for Manhatten Meatheads : RHP Rafael Ramírez
Batting: RHB Juan Costello 0-0: Swinging Strike
0-1: Swinging Strike
0-2: Ball
1-2: Strikes out swinging
Batting: RHB Javier Hernández 0-0: Called Strike
0-1: Swinging Strike
0-2: Ball
1-2: Ball
2-2: Strikes out looking
Batting: RHB Ángel Garza 0-0: Ground out 4-3 (Groundball, 4)
Top of the 2nd over - 0 run(s), 0 hit(s), 0 error(s), 0 left on base; Bemidji 1 - Manhatten 0
BOTTOM OF THE 2ND
Manhatten Meatheads batting - Pitching for Bemidji Benders : RHP Don Wiggins
Batting: LHB Dave Watt 0-0: SOLO HOME RUN (Flyball, 9D), Distance : 350 ft
Batting: RHB Mark McDonald 0-0: Called Strike
0-1: Swinging Strike
0-2: Foul Ball, location: 2F
0-2: Strikes out swinging
Batting: RHB Kyle O'Day 0-0: Ball
1-0: Foul Ball, location: 2F
1-1: Called Strike
1-2: Ball
2-2: Strikes out swinging
Batting: RHB Mitch Thomas 0-0: Called Strike
0-1: Foul Ball, location: 2F
0-2: Fly out, F8 (Flyball, 8LM)
Bottom of the 2nd over - 1 run(s), 1 hit(s), 0 error(s), 0 left on base; Bemidji 1 - Manhatten 1
TOP OF THE 3RD
Bemidji Benders batting - Pitching for Manhatten Meatheads : RHP Rafael Ramírez
Batting: SHB José Cruz 0-0: Swinging Strike
0-1: Ball
1-1: Foul Ball, location: 2F
1-2: SINGLE (Groundball, 3D)
Batting: RHB Júlio Valdés 0-0: Called Strike
0-1: Swinging Strike
0-2: Ball
1-2: Foul Ball, location: 2F
1-2: Ball
2-2: Strikes out swinging
Batting: RHB António López 0-0: Ball
José Cruz is caught stealing 2nd base
1-0: DOUBLE (Flyball, 8RM)
Batting: RHB Gabriel Stout 0-0: Ball
1-0: DOUBLE (Line Drive, 89M)
António López scores
Batting: SHB Edgardo Osorio 0-0: Ball
1-0: Swinging Strike
1-1: Called Strike
1-2: Strikes out swinging
Top of the 3rd over - 1 run(s), 3 hit(s), 0 error(s), 1 left on base; Bemidji 2 - Manhatten 1
BOTTOM OF THE 3RD
Manhatten Meatheads batting - Pitching for Bemidji Benders : RHP Don Wiggins
Batting: RHB Ramón Ybarra 0-0: Swinging Strike
0-1: Ball
1-1: Foul Ball, location: 2F
1-2: Ball
2-2: Ball
3-2: Base on Balls
Batting: RHB Juan Reyes 0-0: Swinging Strike
0-1: Ball
1-1: Called Strike
1-2: Strikes out swinging
Batting: RHB Stanley Robbins 0-0: Fly out, F8 (Line Drive, 8LM)
Batting: RHB Ben Morton 0-0: Swinging Strike
0-1: Swinging Strike
0-2: Ball
1-2: Strikes out swinging
Bottom of the 3rd over - 0 run(s), 0 hit(s), 0 error(s), 1 left on base; Bemidji 2 - Manhatten 1
TOP OF THE 4TH
Bemidji Benders batting - Pitching for Manhatten Meatheads : RHP Rafael Ramírez
Batting: RHB Alfredo López 0-0: Ball
1-0: Foul Ball, location: 2F
1-1: Called Strike
1-2: Strikes out looking
Batting: RHB Juan Costello 0-0: Called Strike
0-1: Called Strike
0-2: Ball
1-2: Fly out, F7 (Flyball, 7M)
Batting: RHB Javier Hernández 0-0: Called Strike
0-1: Ball
1-1: Foul Ball, location: 2F
1-2: Strikes out swinging
Top of the 4th over - 0 run(s), 0 hit(s), 0 error(s), 0 left on base; Bemidji 2 - Manhatten 1
BOTTOM OF THE 4TH
Manhatten Meatheads batting - Pitching for Bemidji Benders : RHP Don Wiggins
Batting: LHB Pat Zimmerman 0-0: Called Strike
0-1: Swinging Strike
0-2: Ball
1-2: Ball
2-2: Ball
3-2: Base on Balls
Batting: LHB Dave Watt 0-0: Ball
1-0: SINGLE (Line Drive, 6MD)
Pat Zimmerman to second
Batting: RHB Mark McDonald 0-0: Ball
1-0: Ball
2-0: Called Strike
2-1: Swinging Strike
2-2: Strikes out swinging
Batting: RHB Kyle O'Day 0-0: Called Strike
0-1: Swinging Strike
0-2: Ball
1-2: Ball
2-2: Foul Ball, location: 2F
2-2: Ball
3-2: Grounds into double play, U4-3 (Groundball, 4)
Bottom of the 4th over - 0 run(s), 1 hit(s), 0 error(s), 1 left on base; Bemidji 2 - Manhatten 1
TOP OF THE 5TH
Bemidji Benders batting - Pitching for Manhatten Meatheads : RHP Rafael Ramírez
Batting: RHB Ángel Garza 0-0: Bunt for hit - play at first, batter OUT! 5-3
Batting: SHB José Cruz 0-0: Ball
1-0: Ball
2-0: Ball
3-0: Called Strike
3-1: Ball
Batting: RHB Júlio Valdés 0-0: Called Strike
0-1: Ball
1-1: Foul Ball, location: 2F
1-2: Grounds into double play, 4-6-3 (Groundball, 4)
Top of the 5th over - 0 run(s), 0 hit(s), 0 error(s), 0 left on base; Bemidji 2 - Manhatten 1
BOTTOM OF THE 5TH
Manhatten Meatheads batting - Pitching for Bemidji Benders : RHP Don Wiggins
Batting: RHB Mitch Thomas 0-0: Ground out 4-3 (Groundball, 13)
Batting: RHB Ramón Ybarra 0-0: Ball
1-0: Ball
2-0: Foul Ball, location: 2F
2-1: Ball
3-1: SINGLE (Line Drive, 5D)
Batting: RHB Juan Reyes 0-0: Grounds into double play, 5-4-3 (Groundball, 5)
Bottom of the 5th over - 0 run(s), 1 hit(s), 0 error(s), 0 left on base; Bemidji 2 - Manhatten 1
TOP OF THE 6TH
Bemidji Benders batting - Pitching for Manhatten Meatheads : RHP Rafael Ramírez
Batting: RHB António López 0-0: Fly out, F5 (Line Drive, 5)
Batting: RHB Gabriel Stout 0-0: Called Strike
0-1: Called Strike
0-2: Ball
1-2: Ball
2-2: Strikes out swinging
Batting: SHB Edgardo Osorio 0-0: Ball
1-0: Swinging Strike
1-1: Foul Ball, location: 2F
1-2: Foul Ball, location: 2F
1-2: Strikes out swinging
Top of the 6th over - 0 run(s), 0 hit(s), 0 error(s), 0 left on base; Bemidji 2 - Manhatten 1
BOTTOM OF THE 6TH
Manhatten Meatheads batting - Pitching for Bemidji Benders : RHP Don Wiggins
Batting: RHB Stanley Robbins 0-0: SINGLE (Groundball, 13) (infield hit)
Batting: RHB Ben Morton 0-0: Ball
Stanley Robbins is caught stealing 2nd base
1-0: Ball
2-0: Foul Ball, location: 2F
2-1: DOUBLE (Line Drive, 78M)
Batting: LHB Pat Zimmerman 0-0: Ball
1-0: Ball
2-0: Ball
3-0: Base on Balls
Batting: LHB Dave Watt 0-0: Called Strike
0-1: Foul Ball, location: 2F
0-2: Strikes out looking
Batting: RHB Mark McDonald 0-0: Ground out 6-3 (Groundball, 6)
Bottom of the 6th over - 0 run(s), 2 hit(s), 0 error(s), 2 left on base; Bemidji 2 - Manhatten 1
TOP OF THE 7TH
Bemidji Benders batting - Pitching for Manhatten Meatheads : RHP Rafael Ramírez
Batting: RHB Alfredo López 0-0: Ball
1-0: Foul Ball, location: 2F
1-1: Ball
2-1: Called Strike
2-2: SINGLE (Groundball, 6M)
Batting: RHB Juan Costello 0-0: Called Strike
0-1: Ball
1-1: Foul Ball, location: 2F
1-2: Strikes out swinging
Pinch Hitting: RHB Manny Ramírez 0-0: Called Strike
0-1: Ball
Wild Pitch!
Alfredo López to second
1-1: Ball
2-1: Ball
3-1: 2-RUN HOME RUN (Flyball, 7D), Distance : 361 ft
Pitching: LHP Dave Blackwell
Batting: RHB Ángel Garza 0-0: SINGLE (Groundball, 56)
Batting: SHB José Cruz 0-0: Ball
1-0: Foul Ball, location: 2F
1-1: Foul Ball, location: 2F
1-2: Ball
2-2: SINGLE (Groundball, 56D)
Ángel Garza to second
Batting: RHB Júlio Valdés 0-0: Foul Ball, location: 2F
0-1: Ball
1-1: Ball
2-1: SINGLE (Groundball, 5S) (infield hit)
Ángel Garza to third
José Cruz to second
Batting: RHB António López 0-0: Fly out, F7 (Flyball, 7LM)
Runner from 3rd tags up, SCORES, no throw
Batting: RHB Gabriel Stout 0-0: Called Strike
0-1: Ball
1-1: Ball
2-1: Ball
3-1: Base on Balls
José Cruz to third
Júlio Valdés to second
Batting: SHB Edgardo Osorio 0-0: Foul Ball, location: 2F
0-1: Ball
1-1: Foul Ball, location: 2F
1-2: Strikes out swinging
Top of the 7th over - 3 run(s), 5 hit(s), 0 error(s), 3 left on base; Bemidji 5 - Manhatten 1
BOTTOM OF THE 7TH
Manhatten Meatheads batting - Pitching for Bemidji Benders : RHP Don Wiggins
Now at SS: Bob Carr
Batting: RHB Kyle O'Day 0-0: Called Strike
0-1: Swinging Strike
0-2: Ball
1-2: Ground out 4-3 (Groundball, 4)
Batting: RHB Mitch Thomas 0-0: Ball
1-0: Swinging Strike
1-1: Ball
2-1: Ground out U3 (Groundball, 3S)
Batting: RHB Ramón Ybarra 0-0: Ball
1-0: Ball
2-0: Called Strike
2-1: Reached on error, E6 (Groundball, 6M)
Pitching: LHP Jesse Payne
Batting: RHB Juan Reyes 0-0: Foul Ball, location: 2F
0-1: Ball
1-1: Ground out 6-3 (Groundball, 6)
Bottom of the 7th over - 0 run(s), 0 hit(s), 1 error(s), 1 left on base; Bemidji 5 - Manhatten 1
TOP OF THE 8TH
Bemidji Benders batting - Pitching for Manhatten Meatheads : LHP Dave Blackwell
Batting: RHB Alfredo López 0-0: Called Strike
0-1: Ball
1-1: Ball
2-1: Fly out, F8 (Line Drive, 8LD)
Batting: RHB Juan Costello 0-0: Called Strike
0-1: Ball
1-1: Ball
2-1: Foul Ball, location: 2F
2-2: Strikes out swinging
Batting: RHB Bob Carr 0-0: Swinging Strike
0-1: Ball
1-1: Ground out 5-3 (Groundball, 56S)
Top of the 8th over - 0 run(s), 0 hit(s), 0 error(s), 0 left on base; Bemidji 5 - Manhatten 1
BOTTOM OF THE 8TH
Manhatten Meatheads batting - Pitching for Bemidji Benders : LHP Jesse Payne
Batting: RHB Stanley Robbins 0-0: Foul Ball, location: 2F
0-1: Reached on error, E5 (Groundball, 5S)
Batting: RHB Ben Morton 0-0: Called Strike
0-1: Ball
1-1: Ball
2-1: Ball
3-1: Base on Balls
Stanley Robbins to second
Batting: LHB Pat Zimmerman 0-0: Ball
1-0: Foul Ball, location: 2F
1-1: Called Strike
1-2: Ball
2-2: SINGLE (Groundball, 4MD) (infield hit)
Stanley Robbins to third
Ben Morton to second
Batting: LHB Dave Watt 0-0: Ball
1-0: SINGLE (Flyball, 7S)
Stanley Robbins scores
Ben Morton to third
Pat Zimmerman to second
Pitching: RHP Rod Day
Pinch Hitting: RHB John Little 0-0: Ball
1-0: Ground out 4-3 (Groundball, 4M)
Ben Morton scores
Pat Zimmerman to third
Dave Watt to second
Batting: RHB Kyle O'Day 0-0: Swinging Strike
0-1: SINGLE (Groundball, 6)
Pat Zimmerman scores
Dave Watt to third
Runner from 3rd tries for Home, SAFE, no throw or cutoff
Batting: RHB Mitch Thomas 0-0: Ball
1-0: Sac Bunt - play at first, batter OUT! 1-4
Kyle O'Day to second
Pinch Hitting: LHB Magali Foulerton 0-0: Called Strike
0-1: Called Strike
0-2: Strikes out swinging
Bottom of the 8th over - 4 run(s), 3 hit(s), 1 error(s), 1 left on base; Bemidji 5 - Manhatten 5
TOP OF THE 9TH
Bemidji Benders batting - Pitching for Manhatten Meatheads : LHP Dave Blackwell
Pitching: RHP Matt Johnston
Now at 3B: Vitaliano Capuana
Now in LF: Will Evans
Batting: RHB Ángel Garza 0-0: Swinging Strike
0-1: Ball
1-1: Swinging Strike
1-2: Ball
2-2: Foul Ball, location: 2F
2-2: Ball
3-2: Strikes out swinging
Batting: SHB José Cruz 0-0: Ball
1-0: Foul Ball, location: 2F
1-1: Foul Ball, location: 2F
1-2: Ball
2-2: Ball
3-2: Base on Balls
Pinch Hitting: SHB Bob Noble 0-0: Called Strike
0-1: Swinging Strike
0-2: Ball
1-2: Ball
2-2: Foul Ball, location: 2F
2-2: Strikes out looking
Batting: RHB António López 0-0: SINGLE (Line Drive, 8LS)
José Cruz to second
Batting: RHB Gabriel Stout 0-0: SINGLE (Line Drive, 4D)
José Cruz to third
António López to second
Batting: SHB Edgardo Osorio 0-0: Swinging Strike
0-1: Ball
1-1: Foul Ball, location: 2F
1-2: Strikes out swinging
Top of the 9th over - 0 run(s), 2 hit(s), 0 error(s), 3 left on base; Bemidji 5 - Manhatten 5
BOTTOM OF THE 9TH
Manhatten Meatheads batting - Pitching for Bemidji Benders : RHP Rod Day
Now in RF: Bob Noble
Batting: RHB Juan Reyes 0-0: SOLO HOME RUN (Flyball, 89XD), Distance : 375 ft
This league is powered by Out of the Park Baseball, the baseball management simulation game for PC, Mac and Linux
Wednesday, December 2nd, 2015 - OOTP Baseball 16.8 Build 38